 Dungeon Crawl Stone Soup version 0.30-a0-219-gf2db51d15e (webtiles) character file.

Game seed: 8510096482972075759

26800 KennySheep the Frost Mage (level 13, -1/151 HPs)
             Began as a Barachi Transmuter on Oct 8, 2022.
             Was the Champion of Qazlal.
             Killed by divine providence
             ... invoked by a meliai
              (15 damage)
             ... on level 14 of the Dungeon.
             The game lasted 00:47:33 (13241 turns).

KennySheep the Frost Mage (Barachi Transmuter)     Turns: 13241, Time: 00:47:34

Health: -1/151     AC: 33    Str: 20    XL:     13   Next: 28%
Magic:  15/18      EV:  2    Int: 16    God:    Qazlal [******]
Gold:   854        SH:  8    Dex: 14    Spells: 3/19 levels left

rFire   x . .      SeeInvis .      - Unarmed
rCold   + . .      Faith    .    (no shield)
rNeg    . . .      Spirit   .    (body armour currently unavailable)
rPois   +          Reflect  .    (helmet currently unavailable)
rElec   .          Harm     .    (cloak currently unavailable)
rCorr   +          Rampage  .    (gloves currently unavailable)
Will    .....      NoTele   +    (boots currently unavailable)
Stlth   +.........               L - amulet of the acrobat
HPRegen 0.45/turn                c - +4 ring of protection
MPRegen 0.16/turn                U - ring of Wyppeh {Ice rCorr Str+7}

@: lethally poisoned (-1 -> -5), tree-form, protected from physical damage,
repel missiles
A: stationary, stasis, torment immunity, boosted hp, (amphibious), (slowness 1),
(strong legs 2), +LOS
a: Renounce Religion, Upheaval, Elemental Force, Disaster Area


You were on level 14 of the Dungeon.
You worshipped Qazlal.
Qazlal was exalted by your worship.
You were a tree.
You visited 1 branch of the dungeon, and saw 14 of its levels.
You also visited: Sewer.

You collected 1041 gold pieces.
You spent 187 gold pieces at shops.

Inventory:

Missiles
 T - a throwing net
Armour
 a - a +0 robe
 o - a +1 cloak (melded)
 z - +0 acid dragon scales (melded)
 H - a +1 hat (melded)
 M - a +0 pair of boots (melded)
Jewellery
 c - a +4 ring of protection (left branch)
 e - a ring of magical power
 f - a ring of see invisible
 j - a ring of willpower
 r - a +4 ring of evasion
 u - a ring of magical power
 J - a ring of fire
 K - a ring of wizardry
 L - an amulet of the acrobat (around neck)
 S - a ring of ice
 U - the ring of Wyppeh (right branch) {Ice rCorr Str+7}
   (You found it on level 13 of the Dungeon)

   [ring of ice]

   It enhances your ice magic.
   Str:       It affects your strength (+7).
   rF:        It makes you vulnerable to fire.
   rC:        It protects you from cold.
   rCorr:     It protects you from acid and corrosion.
Wands
 k - a wand of charming (22)
 m - a wand of roots (19)
 v - a wand of light (14)
 D - a wand of polymorph (10)
 G - a wand of flame (81)
Scrolls
 d - 3 scrolls of teleportation
 h - 2 scrolls of vulnerability
 i - 5 scrolls of blinking
 n - a scroll of butterflies
 w - 3 scrolls of magic mapping
 y - 2 scrolls of fear
 B - 3 scrolls of noise
 C - 3 scrolls of enchant weapon
 E - 2 scrolls of poison
 F - 3 scrolls of enchant armour
 N - a scroll of amnesia
 O - a scroll of silence
 P - a scroll of immolation
Potions
 g - a potion of attraction
 l - a potion of might
 p - a potion of haste
 q - a potion of ambrosia {unknown}
 s - a potion of flight {unknown}
 t - 3 potions of heal wounds
 x - a potion of magic
 A - 6 potions of curing {unknown}
 I - a potion of invisibility
 Q - a potion of mutation
 R - a potion of cancellation


   Skills:
 + Level 9.0 Fighting
 + Level 8.5 Dodging
 * Level 11.7 Unarmed Combat
 + Level 3.8 Spellcasting
 + Level 8.0 Summonings
 - Level 12.1 Transmutations
 + Level 12.4 Ice Magic


You had 3 spell levels left.
You knew the following spells:

 Your Spells              Type           Power      Damage    Failure   Level
a - Beastly Appendage     Tmut           82%        N/A       1%          1
b - Wereblood             Tmut           41%        N/A       1%          2
c - Frozen Ramparts       Ice            100%       1d16      1%          3
d - Summon Ice Beast      Ice/Summ       52%        N/A       2%          4
e - Call Imp              Summ           28%        N/A       1%          2
z - Ice Form              Ice/Tmut       59%        N/A       1%          4

Your spell library contained the following spells:

 Spells                   Type           Power      Damage    Failure   Level
 Summon Small Mammal      Summ           100%       N/A       1%          1
 Spider Form              Tmut/Pois      22%        N/A       4%          3
 Apportation              Tloc           6%         N/A       17%         1
 Magic Dart               Conj           12%        1d3       17%         1
 Necrotise                Necr           12%        1d4       17%         1
 Shock                    Conj/Air       12%        1d3       17%         1
 Gell's Gravitas          Tloc           3%         N/A       45%         3
 Mephitic Cloud           Conj/Pois/Air  3%         N/A       45%         3
 Swiftness                Air            3%         N/A       45%         3
 Teleport Other           Tloc           3%         N/A       45%         3
 Alistair's Intoxication  Tmut/Pois      14%        N/A       36%         5
 Summon Mana Viper        Hex/Summ       15%        N/A       67%         5
 Airstrike                Air            1%         2d(1-17)  86%         4
 Monstrous Menagerie      Summ           14%        N/A       99%         7
 Dispersal                Tloc           1%         N/A       100%        6


Dungeon Overview and Level Annotations

Branches:
Dungeon (14/15)            Temple (0/1) D:6            Lair (0/5) D:8
    Orc (0/2) D:9           Sewer (visited)
 Vaults: D:13-14

Altars:
Ashenzari
Fedhas
Kikubaaqudgha
Qazlal
Sif Muna
Trog
Wu Jian
Zin
The Shining One

Shops:
D:8 *:*(   D:10 :

Annotations:
D:12 1 runed translucent door


Innate Abilities, Weirdness & Mutations

You are a tree.
Your roots penetrate the ground, keeping you stationary.
You cannot be teleported.
You are immune to unholy pain and torment.
Your maximum health is greatly increased.
Your equipment is partially melded.
((You are amphibious.))
((You cover ground slowly.))
((You can hop long distances.))
You have an extended range of vision and can be seen from far away.


Message History

The meliai hits you with a +0 war axe.
* * * LOW HITPOINT WARNING * * *
You feel more protected from physical attacks.
You block the meliai's attack. The meliai completely misses you. x2
Things that are here:
a +0 broad axe; a +1 robe of fire resistance; a meliai corpse You barely miss the meliai.
You feel sick. The meliai hits you but does no damage.
The meliai stings you but does no damage.
You punch the meliai! You freeze the meliai.
The meliai is heavily wounded.
You feel sick. The meliai hits you with a +0 war axe.
* * * LOW HITPOINT WARNING * * *
The meliai misses you.
The meliai mumbles some strange prayers to its god against you.
Something smites you!
* * * LOW HITPOINT WARNING * * *
The meliai barely misses you. You block the meliai's attack.
Unknown command.
Really quaff the potion of lignification? [Y]es or [N]o only, please.
Really quaff the potion of lignification? [Y]es or [N]o only, please.
Really quaff the potion of lignification? [Y]es or [N]o only, please.
Really quaff the potion of lignification?
Uppercase [Y]es or [N]o only, please.
Really quaff the potion of lignification?
You warm up again.
Your +1 cloak unmelds from your body.
Your +1 hat unmelds from your body.
Your +0 pair of boots unmelds from your body.
Your +0 acid dragon scales unmelds from your body.
You turn into a tree.
Your +1 cloak melds into your body.
Your +1 hat melds into your body.
Your +0 pair of boots melds into your body.
Your +0 acid dragon scales melds into your body.
Your roots penetrate the ground.
You feel sick.
The meliai mumbles some strange prayers to its god against you.
Something smites you!
You die...

## #### ...
#.. ..# +..
...# #.###...#
#.......#
#<......#
#####☼..J...#
#yy♣..#####...
#.###.'...# .
.' #.#...# #..
#.#...# #. ..#
..# + ### ...>
.... .)...
##..


You could see a slime creature and 2 meliai.

Vanquished Creatures
  A tengu reaver (D:13)
  Snorg (D:11)
  A hydra (D:13)
  3 boulder beetles
  3 centaur warriors (D:13)
  A tengu warrior (D:13)
  5 two-headed ogres
  A shadow wraith (D:13)
  An ugly thing (D:11)
  Pikel (D:5)
  3 phantasmal warriors (D:13)
  A deep elf pyromancer (D:12)
  2 cyclopes
  3 gargoyles
  2 trolls
  A meliai (D:14)
  A red devil (D:11)
  Grinder (D:6)
  4 slime creatures
  Sigmund (D:2)
  A wyvern (D:8)
  2 vampires
  17 yaks
  2 shadows
  2 wraiths
  Grum (D:8)
  A chaos spawn (D:11)
  7 vampire mosquitoes
  3 steam dragons
  2 acid dragons
  11 orc warriors
  An ogre (D:5)
  10 centaurs
  3 wolves (D:8)
  3 kobold brigands
  6 bullfrogs
  2 necrophages
  A gnoll sergeant (D:13)
  5 scorpions
  11 wights
  3 killer bees (D:7)
  11 howler monkeys
  4 hounds
  A jelly (D:7)
  3 quasits (D:11)
  A gnoll bouda (D:7)
  6 orc priests
  An iron imp (D:6)
  14 orc wizards
  8 adders
  14 gnolls
  A shadow imp (D:5)
  2 white imps
  An ufetubus (D:5)
  5 worms
  3 dart slugs
  50 orcs
  15 ball pythons
  9 bats
  12 endoplasms
  7 giant cockroaches
  11 goblins
  9 hobgoblins
  7 jackals
  13 quokkas
  7 frilled lizards
  4 hobgoblin zombies (D:6)
  16 kobolds
  A kobold skeleton (D:6)
  An orc skeleton (D:6)
  An orc zombie (D:6)
  2 rats
371 creatures vanquished.

Notes
Turn   | Place    | Note
-------+----------+-------------------------------------------
     0 | D:1      | KennySheep the Barachi Transmuter began the quest for the
                  | Orb.
     0 | D:1      | Reached XP level 1. HP: 15/15 MP: 3/3
    79 | D:1      | Reached XP level 2. HP: 21/21 MP: 5/5
   177 | D:1      | Learned a level 2 spell: Wereblood
   182 | D:1      | Reached skill level 1 in Ice Magic
   226 | D:1      | Found a faded altar of an unknown god.
   236 | D:1      | Prayed at the altar of an unknown god.
   236 | D:1      | Became a worshipper of Qazlal Stormbringer
   236 | D:1      | Reached * piety under Qazlal
   358 | D:1      | Reached XP level 3. HP: 26/26 MP: 6/6
  1189 | D:2      | Reached XP level 4. HP: 26/32 MP: 5/7
  1274 | D:2      | Learned a level 4 spell: Ice Form
  1373 | D:2      | Noticed Sigmund
  1634 | D:2      | Killed Sigmund
  1635 | D:2      | Reached skill level 5 in Transmutations
  1635 | D:2      | Reached skill level 5 in Ice Magic
  1635 | D:2      | Reached XP level 5. HP: 29/37 MP: 3/8
  1635 | D:2      | Reached XP level 6. HP: 34/43 MP: 3/9
  1918 | D:3      | Reached ** piety under Qazlal
  1926 | D:3      | You fall into a shaft and drop 1 floor!
  2831 | D:3      | Reached *** piety under Qazlal
  3049 | D:4      | Reached XP level 7. HP: 46/48 MP: 7/10
  3689 | D:5      | Entered Level 5 of the Dungeon
  3773 | D:5      | Noticed Pikel
  3793 | D:5      | Killed Pikel
  3794 | D:5      | Reached XP level 8. HP: 54/54 MP: 5/11
  4312 | D:6      | Noticed Grinder
  4325 | D:6      | Paralysed by Grinder for 2 turns
  4341 | D:6      | Reached **** piety under Qazlal
  4345 | D:6      | Killed Grinder
  4526 | D:6      | Found a glowing drain.
  4529 | D:6      | Reached XP level 9. HP: 59/59 MP: 7/12
  4531 | Sewer    | Entered a sewer
  4945 | D:6      | Found an ornate altar of the Wu Jian Council.
  4945 | D:6      | Found an ancient bone altar of Kikubaaqudgha.
  5125 | D:6      | Found a glowing silver altar of Zin.
  5141 | D:6      | Reached skill level 10 in Transmutations
  5191 | D:6      | Found a glowing golden altar of the Shining One.
  5197 | D:6      | Reached ***** piety under Qazlal
  5342 | D:6      | Found a staircase to the Ecumenical Temple.
  5602 | D:7      | Reached skill level 5 in Unarmed Combat
  5981 | D:7      | Reached XP level 10. HP: 70/70 MP: 10/13
  6271 | D:8      | Found a staircase to the Lair.
  6276 | D:8      | Learned a level 3 spell: Frozen Ramparts
  6391 | D:8      | Reached skill level 1 in Summonings
  6580 | D:8      | Noticed a two-headed ogre
  6581 | D:8      | Noticed Grum
  6593 | D:8      | Killed a two-headed ogre
  6594 | D:8      | Reached skill level 10 in Ice Magic
  6598 | D:8      | Killed Grum
  6723 | D:8      | Reached skill level 5 in Fighting
  6991 | D:8      | Found Ritwog's Weapon Shoppe.
  6991 | D:8      | Found Xeer's General Store.
  6999 | D:8      | Found Paedd's Book Shoppe.
  7004 | D:8      | Found Meav's General Store.
  7014 | D:8      | Bought a potion of heal wounds for 75 gold pieces
  7014 | D:8      | Bought a scroll of blinking for 112 gold pieces
  7023 | D:8      | Found a blossoming altar of Fedhas.
  7235 | D:8      | Identified the +1 leather armour "Velexzafasu" {Str+5
                  | Dex-4}
  7296 | D:9      | Reached skill level 5 in Dodging
  7376 | D:9      | Noticed a two-headed ogre
  7382 | D:9      | Killed a two-headed ogre
  7666 | D:9      | Reached XP level 11. HP: 80/80 MP: 9/14
  7756 | D:9      | Found a staircase to the Orcish Mines.
  7879 | D:9      | Found a shimmering blue altar of Sif Muna.
  8249 | D:10     | Entered Level 10 of the Dungeon
  8254 | D:10     | Noticed a two-headed ogre
  8265 | D:10     | Killed a two-headed ogre
  8461 | D:10     | Reached ****** piety under Qazlal
  8516 | D:10     | Found Coakh's Book Shop.
  8817 | D:10     | Found a bloodstained altar of Trog.
  8930 | D:10     | Found a stormy altar of Qazlal.
  8956 | D:10     | Reached skill level 5 in Summonings
  9542 | D:11     | Noticed Snorg
  9555 | D:11     | Killed Snorg
  9563 | D:11     | Noticed a two-headed ogre
  9567 | D:11     | Killed a two-headed ogre
  9574 | D:11     | Noticed a green ugly thing
  9584 | D:11     | Killed a green ugly thing
  9585 | D:11     | Reached XP level 12. HP: 91/91 MP: 15/15
  9644 | D:11     | Found a broken altar of Ashenzari.
  9847 | D:11     | Reached skill level 10 in Unarmed Combat
 10703 | D:12     | Noticed a sphinx
 10703 | D:12     | Noticed a yaktaur captain
 10703 | D:12     | Noticed a fire giant
 10704 | D:12     | Found a runed translucent door.
 10706 | D:12     | Noticed a deep troll earth mage
 10706 | D:12     | Noticed a frost giant
 10706 | D:12     | Noticed a frost giant
 10706 | D:12     | Noticed an ettin
 10780 | D:12     | Noticed a boulder beetle
 10797 | D:12     | Killed a boulder beetle
 11180 | D:13     | Noticed a boulder beetle
 11238 | D:12     | Killed a boulder beetle
 11481 | D:13     | Learned a level 4 spell: Summon Ice Beast
 11494 | D:13     | Noticed a boulder beetle
 11509 | D:13     | Killed a boulder beetle
 11617 | D:13     | Noticed a five-headed hydra
 11625 | D:13     | Killed a five-headed hydra
 11718 | D:13     | Noticed a two-headed ogre
 11725 | D:13     | Killed a two-headed ogre
 11874 | D:13     | Noticed a centaur warrior
 11885 | D:13     | Killed a centaur warrior
 12031 | D:13     | Noticed a centaur warrior
 12041 | D:13     | Killed a centaur warrior
 12042 | D:13     | Gained mutation: You can hop long distances. [Barachi
                  | growth]
 12042 | D:13     | Reached XP level 13. HP: 90/99 MP: 10/17
 12196 | D:13     | Learned a level 2 spell: Call Imp
 12242 | D:13     | Noticed a tengu reaver
 12260 | D:13     | Killed a tengu reaver
 13193 | D:13     | Identified the ring of Wyppeh {Ice rCorr Str+7}
 13241 | D:14     | Killed from afar by a meliai

Illustrated notes

Levels and vault maps discovered:
D:1:      psy_arrival_dodecagon, layout_loops_corners, basic_ecumenical_altar,
          nicolae_figureground_sparkle
D:2:      layout_rooms, minivault_19, grunt_ministairs_2,
          kennysheep_generic_room_15, uniq_sigmund
D:3:      layout_loops_ring
D:4:      layout_basic
D:5:      layout_rooms, kennysheep_generic_room_2, uniq_pikel
D:6:      layout_rooms, mainiacjoe_overflow_catwalk,
          chequers_temple_overflow_statue_of_worship,
          nicolae_tso_besieged_by_evil, minmay_temple_entry_enclosed_plants,
          cheibrodos_sewer_entry_sluice, minmay_misc_feat_iff, uniq_grinder
D:7:      layout_basic, kennysheep_cross_bottleneck, chequers_jeans
D:8:      layout_gridville, mainiacjoe_overflow_alcove_2, lair_entry_dummy,
          minmay_shop_grid_forest, uniq_grum
D:9:      nicolae_cairo_tiling_large, layout_cave_pools, led_sif_book,
          david_orc_4
D:10:     layout_loops_corners, nicolae_qazlal_style_of_elements, bloody_trog,
          serial_shops, kennysheep_mini_moat
D:11:     layout_gridville, serial_demonic, serial_demonic_b, serial_demonic_d,
          serial_demonic_c, serial_demonic_g, ashenzari_conservatory_becter,
          uniq_snorg
D:12:     minmay_gate_of_8, layout_rooms,
          nicolae_concentric_dashed_squares_wild, nicolae_fountain_basement
D:13:     minmay_chopped_fan, layout_loops_ring
D:14:     layout_stronghold, david_vaults_5, nrook_mini_backslash

Skill      XL: |  1  2  3  4  5  6  7  8  9 10 11 12 13 |
---------------+----------------------------------------+-----
Ice Magic      | 1 2 5 6 7 8 9 10 11 12 | 12.4
Transmutations | 3 4 5 7 9 10 11 12 | 12.1
Fighting       | 3 5 7 8 9 |  9.0
Dodging        | 4 5 6 8 |  8.5
Unarmed Combat | 5 7 9 11 | 11.7
Summonings     | 3 5 7 8 |  8.0
Spellcasting   | 3 |  3.8

Action                   |  1- 3 |  4- 6 |  7- 9 | 10-12 | 13-15 || total
-------------------------+-------+-------+-------+-------+-------++-------
Melee: Unarmed           |    98 |   210 |   299 |   486 |    49 ||  1142
       Punch             |     3 |     4 |     1 |     5 |       ||    13
       Headbutt          |     4 |     4 |     2 |       |       ||    10
       Kick              |     2 |     7 |     5 |       |       ||    14
 Cast: Beastly Appendage |     3 |     2 |     1 |       |       ||     6
       Ice Form          |       |     4 |    19 |    36 |     5 ||    64
       Wereblood         |       |     2 |     1 |     2 |       ||     5
       Frozen Ramparts   |       |       |       |    10 |       ||    10
       Summon Ice Beast  |       |       |       |     1 |       ||     1
 Abil: Hop               |       |     1 |       |       |       ||     1
  Use: Scroll            |       |       |    11 |     6 |     2 ||    19
       Potion            |       |       |     2 |       |     1 ||     3
Armor: Robe              |    43 |    74 |    18 |    11 |       ||   146
       Skin              |       |    11 |    66 |    98 |    13 ||   188
       Acid dragon scale |       |       |       |       |     1 ||     1
Dodge: Dodged            |    56 |   139 |   187 |   317 |    30 ||   729
       Repelled          |       |       |     1 |     3 |     2 ||     6
Block: Other             |       |    20 |    66 |   159 |    22 ||   267

Table legend: (Time is in decaauts)
 A = Elapsed time spent in this place.
 B = Non-inter-level travel time spent in this place.
 C = Inter-level travel time spent in this place.
 D = Time resting spent in this place.
 E = Time spent auto-exploring this place.
 F = Levels seen in this place.
 G = Mean time per level.
                   A        B        C        D        E       F      G
               +--------+--------+--------+--------+--------+-----+--------+
         Total |  14469 |  13707 |    762 |   1097 |  10149 |  15 |  964.6 |
       Dungeon |  14153 |  13391 |    762 |   1097 |   9958 |  14 | 1010.9 |
         Sewer |    315 |    315 |      0 |      0 |    191 |   1 |  315.0 |
               +--------+--------+--------+--------+--------+-----+--------+

Top non-repeatable levels by time:
    D:13: 1915 daAuts
     D:1: 1469 daAuts
    D:10: 1414 daAuts
    D:12: 1282 daAuts
     D:3: 1146 daAuts
     D:8: 1106 daAuts
     D:9: 1035 daAuts
     D:7: 979 daAuts
     D:4: 846 daAuts
     D:6: 809 daAuts
    D:11: 740 daAuts
     D:2: 724 daAuts
     D:5: 671 daAuts
   Sewer: 315 daAuts
    D:14: 11 daAuts
